 Dungeon Crawl Stone Soup version 0.26-a0-812-g31a745ddcd (webtiles) character file.

Game seed: 17177152502123796992

1289 kae the Ruffian (level 8, -5/99 HPs)
             Began as a Purple Draconian Transmuter on Dec 1, 2020.
             Was an Initiate of Ru.
             Killed from afar by Dowan (10 damage)
             ... with a shard of ice
             ... on level 6 of the Dungeon.
             The game lasted 00:04:40 (8140 turns).

kae the Ruffian (Purple Draconian Transmuter)       Turns: 8140, Time: 00:04:40

Health: -5/99      AC: 24    Str: 14    XL:     8   Next: 30%
Magic:  12/15      EV:  2    Int: 15    God:    Ru [......]
Gold:   358        SH:  0    Dex: 11    Spells: 12/16 levels left

rFire    + . .     SeeInvis .     - Unarmed
rCold    + . .     Faith    .   (no shield)
rNeg     + + +     Spirit   .   (armour unavailable)
rPois    +         Reflect  .   (helmet currently unavailable)
rElec    .         Harm     .   (cloak currently unavailable)
rCorr    .         Rampage  .   (gloves currently unavailable)
MR       +....     NoTele   +   (boots currently unavailable)
Stlth    +.........             t - amulet of regeneration
HPRegen  0.66/turn              r - ring of protection from cold
MPRegen  0.14/turn              n - ring of protection from fire

@: tree-form
A: (breathe power), unfitting armour, AC +6
a: Renounce Religion


You were on level 6 of the Dungeon.
You worshipped Ru.
Ru was noncommittal.
You were a tree.
You visited 2 branches of the dungeon, and saw 7 of its levels.

You collected 358 gold pieces.

Inventory:

Armour
 h - a +1 hat (melded)
Jewellery
 a - an uncursed ring of magical power
 i - an uncursed amulet of magic regeneration
 n - a ring of protection from fire (right branch)
 r - a ring of protection from cold (left branch)
 t - an amulet of regeneration (around neck)
Wands
 e - a wand of enslavement (5)
 l - a wand of paralysis (6)
Scrolls
 b - 5 scrolls of remove curse
 d - 3 scrolls of magic mapping
Potions
 c - 2 potions of flight {unknown}
 f - 2 potions of mutation {unknown}
 j - 2 potions of attraction {unknown}
 o - a potion of might
 p - a potion of haste


   Skills:
 + Level 3.8 Fighting
 + Level 3.7 Dodging
 * Level 6.0 Unarmed Combat
 + Level 4.7 Spellcasting
 * Level 5.6 Transmutations
 - Level 2.0 Poison Magic


You had 12 spell levels left.
You knew the following spells:

 Your Spells              Type           Power        Failure   Level
a - Beastly Appendage     Tmut           ###...       1%          1
b - Spider Form           Tmut/Pois      ###.......   11%         3

Your spell library contained the following spells:

 Spells                   Type           Power        Failure   Level
 Wereblood                Tmut           ###.....     2%          2
 Foxfire                  Conj/Fire      #...         17%         1
 Magic Dart               Conj           #...         17%         1
 Blink                    Tloc           N/A          26%         2
 Call Imp                 Summ           #.......     26%         2
 Slow                     Hex            #.......     26%         2
 Mephitic Cloud           Conj/Pois/Air  #.......     36%         3
 Blade Hands              Tmut           ###.......   43%         5
 Conjure Flame            Conj/Fire      #.......     45%         3
 Inner Flame              Hex/Fire       #.......     45%         3
 Ice Form                 Ice/Tmut       ##......     45%         4
 Sticky Flame             Conj/Fire      #.......     86%         4
 Fireball                 Conj/Fire      #.........   99%         5


Dungeon Overview and Level Annotations

Branches:
Dungeon (6/15)             Temple (1/1) D:5

Altars:
Ashenzari
Cheibriados
Dithmenos
Elyvilon
Fedhas
Gozag
Hepliaklqana
Kikubaaqudgha
Makhleb
Okawaru
Qazlal
Ru
Trog
Uskayaw
Vehumet
Wu Jian
Yredelemnul
The Shining One

Annotations:
D:3 2 transporters, Lanoc's ghost, amateur GnAE
D:6 1 runed translucent door, Dowan; Grinder; Maggie; MewIchigo's ghost, novice TrMo


Innate Abilities, Weirdness & Mutations

((You can breathe bolts of dispelling energy.))
((Your rich purple scales are hard. (AC +6)))
You cannot fit into any form of body armour.
((You are cold-blooded and may be slowed by cold attacks.))


Message History

Your Unarmed Combat skill increases to level 6!
You completely miss Dowan.
* * * LOW HITPOINT WARNING * * *
You feel very sick. Dowan misses you.
You feel better. Dowan gestures at you while chanting.
The shard of ice hits you! You partially resist.
* * * LOW HITPOINT WARNING * * *
Dowan points at you and mumbles some strange words.
The stone arrow misses you.
Really quaff the potion of lignification?
Your transformation has ended.
Your +1 hat unmelds from your body.
You turn into a tree.
Your +1 hat melds into your body.
Your roots penetrate the ground.
Dowan hits you but does no damage.
You hit Dowan but do no damage.
Dowan points at you and mumbles some strange words.
The shard of ice hits you! You partially resist.
You die...

##. #.##........# ..
##.##....†...#.## †##
#......##.##...#
))#######....###..###....#
)<).........# #.## #.#.#
.#..........## #.# .#...
......####...# #.# .# #.
<.#.#######..# #e# #
.............###♣####
....######..........#
:...# #.......#...# ....#
#.....#######
....####.......#
.........#....##
....#..###...##
............##
....#####..#


You could see Dowan (fast).

Vanquished Creatures
  Duvessa (D:6)
  A phantom (D:4)
  An ogre (D:5)
  A centaur (D:4)
  A big kobold (D:6)
  Blork the orc (D:5)
  3 scorpions
  A howler monkey (D:6)
  3 wights
  3 bullfrog skeletons (D:5)
  A hound (D:6)
  A centaur skeleton (D:5)
  An iguana (D:5)
  4 worker ants
  11 adders
  3 shadow imps
  2 ufetubi (D:5)
  An ooze (D:1)
  An adder skeleton (D:5)
  4 worms
  2 dart slugs
  7 leopard geckos
  2 orcs (D:3)
  6 goblins
  6 hobgoblins
  12 jackals
  2 quokkas
  2 ball pythons
  7 bats
  5 frilled lizards
  8 kobolds
  3 rats
107 creatures vanquished.

Vanquished Creatures (others)
  7 fungi (D:4)
  3 plants (D:4)
10 creatures vanquished.

Grand Total: 117 creatures vanquished

Notes
Turn   | Place    | Note
-------+----------+-------------------------------------------
     0 | D:1      | kae the Draconian Transmuter began the quest for the Orb.
     0 | D:1      | Reached XP level 1. HP: 16/16 MP: 3/3
   296 | D:1      | Reached XP level 2. HP: 11/23 MP: 3/5
  1309 | D:1      | Reached XP level 3. HP: 25/28 MP: 6/6
  1343 | D:1      | Learned a level 3 spell: Spider Form
  2649 | D:2      | Reached XP level 4. HP: 22/36 MP: 5/7
  3278 | D:3      | Noticed Lanoc's ghost (amateur GnAE)
  3279 | D:3      | Found a transporter.
  3279 | D:3      | Noticed a necrophage
  3670 | D:3      | Found a transporter.
  3759 | D:3      | Reached XP level 5. HP: 37/41 MP: 6/8
  3885 | D:3      | You fall into a shaft and drop 1 floor!
  3885 | D:4      | Found a blossoming altar of Fedhas.
  4112 | D:4      | Noticed a phantom
  4137 | D:3      | Reached skill level 4 in Unarmed Combat
  4163 | D:4      | Killed a phantom
  4163 | D:4      | Reached skill level 1 in Poison Magic
  4329 | D:4      | Reached XP level 6. HP: 36/49 MP: 10/10
  5324 | D:5      | Entered Level 5 of the Dungeon
  5324 | D:5      | Found a snail-covered altar of Cheibriados.
  5488 | D:5      | Noticed Blork the orc
  6314 | D:5      | Your scales start taking on a rich purple colour.
  6314 | D:5      | Reached XP level 7. HP: 49/56 MP: 10/12
  6462 | D:5      | Reached skill level 5 in Unarmed Combat
  6478 | D:5      | Found a staircase to the Ecumenical Temple.
  6517 | D:5      | Found a basalt altar of Yredelemnul.
  6579 | D:5      | Killed Blork the orc
  6627 | D:5      | Found a shadowy altar of Dithmenos.
  6897 | Temple   | Entered the Ecumenical Temple
  7040 | Temple   | Became a worshipper of Ru the Awakened
  7076 | D:6      | Noticed Grinder
  7388 | D:6      | Noticed Dowan
  7389 | D:6      | Noticed Maggie
  7407 | D:5      | Reached skill level 5 in Transmutations
  7600 | D:6      | Noticed Duvessa
  7866 | D:6      | Reached XP level 8. HP: 56/63 MP: 7/14
  7905 | D:6      | Found a runed translucent door.
  7905 | D:6      | Noticed MewIchigo's ghost (novice TrMo)
  8136 | D:6      | Killed Duvessa
  8136 | D:6      | Reached skill level 6 in Unarmed Combat
  8138 | D:6      | HP: 2/66 [Dowan/shard of ice (12)]
  8140 | D:6      | Killed from afar by Dowan

Illustrated notes

Levels and vault maps discovered:
D:1:      arrival_zaba_pyramid, layout_loops_ring
D:2:      layout_basic
D:3:      layout_loops_ring, gammafunk_ghost_arena, minmay_tree_intersection
D:4:      layout_basic, serial_park_tiny_2, fedhas_altar_3
D:5:      layout_cave_pools, grunt_dithmenos_shadows, cheibriados_altar_1,
          minmay_temple_entry_trees, basic_altar, uniq_blork_the_orc
D:6:      layout_rooms, grunt_temple_overflow_diamond, gammafunk_ghost_grave,
          uniq_maggie, uniq_duvessa, uniq_grinder
Temple:   regret_index_temple_sphere_string

Skill      XL: |  1  2  3  4  5  6  7  8 |
---------------+-------------------------+-----
Dodging        | 2 3 |  3.7
Transmutations | 3 4 5 |  5.6
Fighting       | 2 3 |  3.8
Unarmed Combat | 4 5 6 |  6.0
Poison Magic   | 1 2 |  2.0
Spellcasting   | 3 4 |  4.7

Action                   |  1- 3 |  4- 6 |  7- 9 || total
-------------------------+-------+-------+-------++-------
Melee: Unarmed           |   118 |   174 |   167 ||   459
       Headbutt          |     9 |     8 |       ||    17
       Kick              |    13 |    16 |       ||    29
       Tailslap          |    10 |     7 |     7 ||    24
 Cast: Beastly Appendage |    28 |    19 |       ||    47
       Spider Form       |     1 |    13 |    11 ||    25
 Abil: Breathe Dispellin |       |       |     3 ||     3
  Use: Scroll            |       |     8 |     6 ||    14
       Potion            |       |     3 |     2 ||     5
 Stab: Sleeping          |     1 |       |       ||     1
Armor: Skin              |    30 |    39 |    22 ||    91
Dodge: Dodged            |    81 |   129 |   155 ||   365

Table legend: (Time is in decaauts)
 A = Elapsed time spent in this place.
 B = Non-inter-level travel time spent in this place.
 C = Inter-level travel time spent in this place.
 D = Time resting spent in this place.
 E = Time spent auto-exploring this place.
 F = Levels seen in this place.
 G = Mean time per level.
                   A        B        C        D        E       F      G
               +--------+--------+--------+--------+--------+-----+--------+
         Total |   8111 |   7784 |    327 |   1738 |   5006 |   7 | 1158.7 |
       Dungeon |   7957 |   7649 |    308 |   1738 |   4873 |   6 | 1326.2 |
        Temple |    153 |    134 |     19 |      0 |    133 |   1 |  153.0 |
               +--------+--------+--------+--------+--------+-----+--------+

Top non-repeatable levels by time:
     D:4: 2016 daAuts
     D:1: 1766 daAuts
     D:5: 1573 daAuts
     D:2: 1319 daAuts
     D:3: 989 daAuts
     D:6: 291 daAuts
  Temple: 153 daAuts
